 Dungeon Crawl Stone Soup version 0.28-a0-1339-ga5422284a4 (webtiles) character file.

Game seed: 852633118597053578

34 SnakkuSnakku7 the Vexing (level 3, 0/27 HPs)
             Began as a Demonspawn Wanderer on Dec 29, 2021.
             Succumbed to an adder's poison
             ... on level 1 of the Dungeon.
             The game lasted 00:03:35 (1970 turns).

SnakkuSnakku7 the Vexing (Demonspawn Wanderer)      Turns: 1970, Time: 00:03:36

Health: 0/27       AC:  4    Str: 15    XL:     3   Next: 14%
Magic:  6/6        EV: 11    Int: 16    God:
Gold:   30         SH:  0    Dex: 10    Spells: 3/6 levels left

rFire   . . .      SeeInvis .   e - +0 short sword
rCold   . . .      Faith    .   (no shield)
rNeg    . . .      Spirit   .   b - +0 leather armour
rPois   .          Reflect  .   (no helmet)
rElec   .          Harm     .   (no cloak)
rCorr   +          Rampage  .   (no gloves)
Will    .....                   (no boots)
Stlth   +.........              (no amulet)
HPRegen 0.09/turn               f - ring of resist corrosion
MPRegen 0.10/turn               (no ring)

@: lethally poisoned (0 -> -2)
A: demonic guardian 1, sturdy frame 1, clever 1, shaggy fur 1, wild magic 1
a: no special abilities


You were on level 1 of the Dungeon.
You visited 1 branch of the dungeon, and saw 2 of its levels.

You collected 30 gold pieces.

Inventory:

Hand Weapons
 a - a +0 club
 e - a +0 short sword (weapon)
Armour
 b - a +0 leather armour (worn)
Jewellery
 f - a ring of resist corrosion (left hand)
Scrolls
 c - a scroll of silence


   Skills:
 - Level 2.0 Fighting
 - Level 1.7 Armour
 - Level 1.0 Dodging
 - Level 2.0 Spellcasting
 + Level 3.6 Hexes
 - Level 1.0 Translocations


You had 3 spell levels left.
You knew the following spells:

 Your Spells              Type           Power      Damage    Failure   Level
a - Confusing Touch       Hex            17%        N/A       21%         3

Your spell library contained the following spells:

 Spells                   Type           Power      Damage    Failure   Level
 Slow                     Hex            68%        N/A       8%          1
 Apportation              Tloc           12%        N/A       21%         1
 Portal Projectile        Hex/Tloc       22%        N/A       32%         3
 Lesser Beckoning         Tloc           6%         N/A       47%         3


Dungeon Overview and Level Annotations

Branches:
Dungeon (2/15)

Altars:

Shops:
D:1 :


Innate Abilities, Weirdness & Mutations

A weak demonic guardian rushes to your aid.
Your movements are slightly less encumbered by armour. (ER -2)
Your mind is acute. (Int +2)
You are covered in fur. (AC +1)
Your spells are a little harder to cast, but a little more powerful.


Message History

The adder misses you.
You closely miss the adder.
The adder is moderately wounded.
You feel sick. The adder barely misses you.
Your iron imp hits the adder.
You closely miss the adder.
The adder is heavily wounded.
You feel sick. The adder barely misses you.
Your iron imp closely misses the adder.
The adder bites you but does no damage.
You barely miss the adder.
The adder is heavily wounded.
You feel sick. The adder bites you.
You are more poisoned.
The adder poisons you!
Your iron imp completely misses the adder.
Unknown command.
* * * LOW HITPOINT WARNING * * *
You feel sick. The adder bites your iron imp.
Your iron imp is poisoned.
The adder poisons your iron imp!
Your iron imp barely misses the adder.
* * * LOW HITPOINT WARNING * * *
You feel sick.
The adder bites your iron imp but does no damage. x2
* * * LOW HITPOINT WARNING * * *
You feel sick.
Your iron imp completely misses the adder.
It was a potion of mutation.
You feel extremely strange.
You feel clever. Fur sprouts all over your body.
You feel less in control of your magic.
* * * LOW HITPOINT WARNING * * *
You feel sick.
Your iron imp closely misses the adder.
As you read the scroll labelled JUCVYAG ICOE, it crumbles to dust.
It is a scroll of identify.
You don't have any unidentified items.
* * * LOW HITPOINT WARNING * * *
You feel sick. The adder bites you.
* * * LOW HITPOINT WARNING * * *
A demonic guardian appears!
Unknown command.
You swap places.
You die...

##############
#######.............
###.......############
######.....................
#....#....##......#####.###
#.##.#....##..∩.∩..........
#..#.#.............####.###
##.#.#....@...∩.∩.#####.##.
#.#.#.....5............##.
#.#.#...5S..##...#####....
#.#.#............########.
#.#....>.........'.....##.
#.#######.#.#....#####.###
##.......#.#.#....# #....
#..........#......# #.##.
#..........####...# #.##.


You could see an adder (ally target), a friendly iron imp (summoned, very
poisoned) and a friendly ufetubus (summoned).

Vanquished Creatures
  4 ball pythons (D:1)
  2 endoplasms (D:1)
  2 giant cockroaches (D:1)
  5 goblins (D:1)
  4 hobgoblins (D:1)
  A quokka (D:1)
  3 bats (D:1)
  2 frilled lizards (D:1)
  3 kobolds (D:1)
  3 rats (D:1)
29 creatures vanquished.

Vanquished Creatures (collateral kills)
  A hobgoblin (D:1)
1 creature vanquished.

Vanquished Creatures (others)
  A plant (D:1)
1 creature vanquished.

Grand Total: 31 creatures vanquished

Notes
Turn   | Place    | Note
-------+----------+-------------------------------------------
     0 | D:1      | SnakkuSnakku7 the Demonspawn Wanderer began the quest for
                  | the Orb.
     0 | D:1      | SnakkuSnakku7 set off with the following items: a +0 club,
                  | a +0 leather armour, a scroll of silence; and the following
                  | spells available to memorise: Slow, Apportation, Confusing
                  | Touch, Portal Projectile, Lesser Beckoning
     0 | D:1      | Reached XP level 1. HP: 16/16 MP: 3/3
   717 | D:1      | Gained mutation: A weak demonic guardian rushes to your
                  | aid. [demonic ancestry]
   717 | D:1      | Reached XP level 2. HP: 19/22 MP: 5/5
   784 | D:1      | Found Fil Ihiy's Book Boutique.
   885 | D:1      | Found a faded altar of an unknown god.
   891 | D:1      | Reached skill level 3 in Hexes
  1618 | D:1      | Gained mutation: Your movements are slightly less
                  | encumbered by armour. (ER -2) [demonic ancestry]
  1618 | D:1      | Reached XP level 3. HP: 22/27 MP: 6/6
  1653 | D:1      | Learned a level 3 spell: Confusing Touch
  1968 | D:1      | Gained mutation: Your mind is acute. (Int +2) [potion of
                  | mutation]
  1968 | D:1      | Gained mutation: You are covered in fur. (AC +1) [potion of
                  | mutation]
  1968 | D:1      | Gained mutation: Your spells are a little harder to cast,
                  | but a little more powerful. [potion of mutation]
  1969 | D:1      | HP: 1/27 [adder (2)]
  1970 | D:1      | Succumbed to an adder's poison

Illustrated notes

Levels and vault maps discovered:
D:1:      elethiomel_arrival_maze, layout_basic, serial_shops,
          nicolae_shop_competitors_out_of_business,
          shapermc_ecumenical_altar_mp_ritualfount, minmay_misc_feat_x,
          minmay_heptomino_o4
D:2:      layout_rooms, basic_altar, minmay_snake_closets, uniq_terence

Skill      XL: |  1  2 |
---------------+-------+-----
Hexes          | 3 |  3.6
Fighting       | |  2.0
Armour         | |  1.7
Dodging        | |  1.0
Spellcasting   | |  2.0
Translocations | |  1.0

Action                   || total
-------------------------++-------
Melee: Club              ||    29
       Short sword       ||    96
 Cast: Confusing Touch   ||     1
  Use: Potion            ||     2
       Scroll            ||     1
Armor: Leather armour    ||    38
Dodge: Dodged            ||    82

Table legend: (Time is in decaauts)
 A = Elapsed time spent in this place.
 B = Non-inter-level travel time spent in this place.
 C = Inter-level travel time spent in this place.
 D = Time resting spent in this place.
 E = Time spent auto-exploring this place.
 F = Levels seen in this place.
 G = Mean time per level.
                   A        B        C        D        E       F      G
               +--------+--------+--------+--------+--------+-----+--------+
         Total |   1987 |   1984 |      3 |    820 |    806 |   2 |  993.5 |
       Dungeon |   1987 |   1984 |      3 |    820 |    806 |   2 |  993.5 |
               +--------+--------+--------+--------+--------+-----+--------+

Top non-repeatable levels by time:
     D:1: 1985 daAuts
     D:2: 1 daAuts
